 Dungeon Crawl Stone Soup version 0.30-a0-4-ga7cffc901d (webtiles) character file.

Game seed: 2299851368275096668

32 flotson the Sneak (level 3, -2/22 (29) HPs)
             Began as a Demonspawn Delver on Aug 22, 2022.
             Slain by an orc
             ... wielding a +2 mace of draining
              (7 damage)
             ... on level 5 of the Dungeon.
             The game lasted 00:01:54 (646 turns).

flotson the Sneak (Demonspawn Delver)                Turns: 646, Time: 00:01:54

HP:   -2/22 (29)    AC:  3    Str: 14    XL:     3   Next: 8%
MP:   3/3           EV: 12    Int: 11    God:
Gold: 13            SH:  0    Dex: 14    Spells: 2/2 levels left

rFire   . . .      SeeInvis .    a - +0 hand axe
rCold   . . .      Faith    .    (no shield)
rNeg    . . .      Spirit   .    b - +0 leather armour
rPois   .          Reflect  .    (helmet restricted)
rElec   .          Harm     .    (no cloak)
rCorr   .          Rampage  .    (no gloves)
Will    .....                    (no boots)
Stlth   ++........               (no amulet)
HPRegen 0.07/turn                (no ring)
MPRegen 0.08/turn                (no ring)

@: heavily drained
A: horns 1, demonic guardian 1
a: no special abilities


You were on level 5 of the Dungeon.
You visited 1 branch of the dungeon, and saw 2 of its levels.

You collected 13 gold pieces.

Inventory:

Hand Weapons
 a - a +0 hand axe (weapon)
Missiles
 h - 2 curare-tipped darts (quivered)
Armour
 b - a +0 leather armour (worn)
Wands
 g - a wand of digging (3)
Scrolls
 c - a scroll of fog
 d - 3 scrolls of magic mapping
 e - a scroll of fear
 i - a scroll of identify {unknown}
Potions
 f - a potion of haste


   Skills:
 + Level 3.2 Fighting
 - Level 1.7 Axes
 + Level 0.9 Throwing
 + Level 0.9 Armour
 + Level 2.1 Dodging
 - Level 4.5 Stealth
 + Level 1.0 Evocations


You had 2 spell levels left.
You didn't know any spells.
Your spell library was empty.

Dungeon Overview and Level Annotations

Branches:
Dungeon (5/15)
 Temple: D:4-7

Altars:


Innate Abilities, Weirdness & Mutations

You have a pair of small horns on your head.
A weak demonic guardian rushes to your aid.


Message History

You kill the orc!
You hit the orc.
The orc hits you with a +2 mace of draining.
You feel drained.
Unknown command.
You hit the orc but do no damage. You headbutt the orc.
The orc is severely wounded.
The orc barely misses you.
Unknown command.
You closely miss the orc.
The orc is severely wounded.
The orc misses you.
You closely miss the orc.
The orc is severely wounded.
The orc misses you. The orc barely misses you.
Unknown command.
Unknown command.
You closely miss the orc. You headbutt the orc, but do no damage.
The orc is severely wounded.
The orc hits you with a +2 mace of draining.
You feel drained.
You barely miss the orc.
The orc is severely wounded.
The orc completely misses you.
You hit the orc but do no damage.
The orc is severely wounded.
The orc hits you with a +2 mace of draining.
* * * LOW HITPOINT WARNING * * *
You feel drained.
* * * LOW HITPOINT WARNING * * *
You hit the orc but do no damage.
The orc is severely wounded.
The orc hits you with a +2 mace of draining.
* * * LOW HITPOINT WARNING * * *
You feel drained.
You hit the orc.
The orc is almost dead.
The orc closely misses you.
The orc hits you with a +2 mace of draining!
You die...

*,***********#..#
#.####..., *,**,**
#..# #........,
*,,,,,* #..#
#####.####...*
*,**,** #..#
#............,
*,**,*
#..###.###.#####.#*
**,**,*
#.............,,,*
,,,**,*
#..###.#######****
*****,* #[[###.#
*,* #.@o...# *,*
##)##### *,* #.#
*,* #.# *,* #.# *,*
#.# *,* #.# *,* #.#
*,**********,*


You could see an orc.

Vanquished Creatures
  An orc wizard (D:5)
  3 orcs (D:5)
  A giant cockroach (D:5)
5 creatures vanquished.

Notes
Turn   | Place    | Note
-------+----------+-------------------------------------------
     0 | D:5      | flotson the Demonspawn Delver began the quest for the Orb.
     0 | D:5      | Reached XP level 1. HP: 18/18 MP: 1/1
     8 | D:5      | Noticed a hound
    40 | D:5      | Noticed an iguana
    81 | D:5      | Noticed an orc priest
   105 | D:5      | Noticed an iguana
   146 | D:4      | Noticed an orc wizard
   495 | D:5      | Killed an orc wizard
   496 | D:5      | Reached skill level 1 in Evocations
   496 | D:5      | Gained mutation: A weak demonic guardian rushes to your
                  | aid. [demonic ancestry]
   496 | D:5      | Reached XP level 2. HP: 14/24 MP: 2/2
   496 | D:5      | Gained mutation: You have a pair of small horns on your
                  | head. [demonic ancestry]
   496 | D:5      | Reached XP level 3. HP: 18/29 MP: 3/3
   646 | D:5      | Slain by an orc

Illustrated notes

Levels and vault maps discovered:
D:4:      layout_basic, nicolae_hepliaklqana_ecumenical_no_more,
          kennysheep_mini, minmay_temple_entry_proselytizer, kennysheep_potato
D:5:      layout_loops_ring

Skill      XL: |  1 |
---------------+----+-----
Dodging        | 2 |  2.1
Evocations     | 1 |  1.0
Fighting       | |  3.2
Axes           | |  1.7
Throwing       | |  0.9
Armour         | |  0.9
Stealth        | |  4.5

Action                   || total
-------------------------++-------
Melee: Hand axe          ||    27
       Headbutt          ||     3
Throw: Dart              ||     4
  Use: Scroll            ||     1
Armor: Leather armour    ||     4
Dodge: Dodged            ||    22

Table legend: (Time is in decaauts)
 A = Elapsed time spent in this place.
 B = Non-inter-level travel time spent in this place.
 C = Inter-level travel time spent in this place.
 D = Time resting spent in this place.
 E = Time spent auto-exploring this place.
 F = Levels seen in this place.
 G = Mean time per level.
                   A        B        C        D        E       F      G
               +--------+--------+--------+--------+--------+-----+--------+
         Total |    656 |    656 |      0 |    291 |    178 |   2 |  328.0 |
       Dungeon |    656 |    656 |      0 |    291 |    178 |   2 |  328.0 |
               +--------+--------+--------+--------+--------+-----+--------+

Top non-repeatable levels by time:
     D:5: 624 daAuts
     D:4: 31 daAuts
